[Event "WALTON 40th BAN-ch U20 Girls 2022"]
[Site "Dhaka"]
[Date "2022.02.20"]
[Round "6.2"]
[White "Kazi Zarin, Tasnim"]
[Black "Israt, Jahan Diba"]
[Result "1-0"]
[ECO "B76"]
[WhiteElo "1801"]
[BlackElo "1697"]
[Annotator "NA RC"]
[PlyCount "101"]
[EventDate "2022.02.15"]
[EventType "swiss"]
[EventCountry "BAN"]
[SourceTitle "playchess.com"]
[Source "ChessBase"]
[SourceQuality "1"]
[TimeControl "5400+30"]

1. e4 c5 2. Nf3 d6 3. d4 cxd4 4. Nxd4 Nf6 5. Nc3 g6 6. Be3 Bg7 7. f3 O-O 8. Qd2 Nc6 9. O-O-O d5 10. Qe1 e5 11. Nxc6 bxc6 12. exd5 cxd5 13. Bg5 Be6 {[%emt 0:15:55] [#]} 14. Bc4 $1 Qa5 {[%emt 0:04:09] [#]} (14... Qc7 $14 15. Bxd5 Nxd5 16. Nxd5 Bxd5 17. Rxd5 Qc4) 15. Nxd5 $1 Qxe1 16. Rhxe1 Nxd5 17. Bxd5 Bxd5 18. Rxd5 f6 19. Be3 Rf7 20. Red1 Re7 21. Rd8+ Rxd8 22. Rxd8+ Kf7 23. Ra8 Ke6 24. Rxa7 Rxa7 25. Bxa7 Bh6+ 26. Kd1 Kd5 27. Ke2 Kc4 28. Be3 Bf8 29. a4 Bb4 30. Bb6 Bd6 31. a5 Kb5 32. c4+ Kxc4 33. a6 Bb8 34. a7 Bxa7 35. Bxa7 Kb3 36. Bc5 Kxb2 37. Be7 f5 38. Bf6 Kc3 39. Bxe5+ Kc2 40. Bf4 h5 41. h4 Kc3 42. Be5+ Kc2 43. Ke3 Kd1 44. Bc3 Kc2 45. Be1 Kd1 46. Bb4 f4+ 47. Kxf4 Ke2 48. g4 hxg4 49. fxg4 Kd3 50. h5 gxh5 51. gxh5 1-0

[Event "WALTON 40th BAN-ch U20 Girls 2022"]
[Site "Dhaka"]
[Date "2022.02.20"]
[Round "6.3"]
[White "Jannatul, Ferdous"]
[Black "Wadifa, Ahmed"]
[Result "1/2-1/2"]
[ECO "D02"]
[WhiteElo "1852"]
[BlackElo "1786"]
[Annotator "NA RC"]
[PlyCount "119"]
[EventDate "2022.02.15"]
[EventType "swiss"]
[EventCountry "BAN"]
[SourceTitle "playchess.com"]
[Source "ChessBase"]
[SourceQuality "1"]
[TimeControl "5400+30"]

1. d4 d5 2. Bf4 Nf6 3. e3 e6 4. Nf3 Bd6 5. Bg3 O-O 6. Bd3 c5 7. c3 Qc7 {[%emt 0:00:29] outshines the older 7...Nc6.} 8. Nbd2 Nbd7 9. O-O Bxg3 10. hxg3 e5 11. dxe5 Nxe5 12. Nxe5 Qxe5 13. Nf3 Qe7 14. Bc2 {[%emt 0:06:51] [#]} b6 $146 ({Predecessor:} 14... Bg4 15. Qd3 Rad8 16. Rfe1 g6 17. Nh2 Bf5 18. Qd2 Bxc2 19. Qxc2 Rd7 20. Rad1 Rfd8 {½-½ (20) Bahillo Vallejo,I (1721)-Martin Garcia,L (1649) Collado Villalba 2019}) 15. Qd3 Bb7 16. Qf5 Ne4 17. Rad1 Rad8 18. Nh4 {[%emt 0:12:53] [#]} (18. Rfe1 $15) 18... g6 ({Better is} 18... g5 $1 $17 19. Nf3 Bc8) 19. Qg4 (19. Qf4 $15) 19... h5 20. Qe2 a6 21. Bd3 b5 22. a4 (22. Qc2 $15) 22... c4 23. Bc2 $1 b4 ({Black should play} 23... Bc8 $15) 24. Bxe4 Qxe4 25. cxb4 d4 26. Qxc4 dxe3 27. Qxe4 exf2+ 28. Kxf2 Bxe4 29. Ke3 Bc2 (29... Rde8 $15 {might be stronger.} 30. Kf2 Bc2) 30. Rxd8 Rxd8 31. Rf6 (31. b5 $11 {is superior.}) 31... Rd3+ 32. Kf2 Rb3 33. Rxa6 Rxb2 34. Rb6 Bxa4+ 35. Ke3 Rb3+ 36. Kf4 Kg7 37. Nf3 Rb2 38. Ne5 Rxg2 39. Rb7 Rf2+ 40. Ke3 Rf1 41. b5 Rb1 42. Nxf7 Kf6 43. Nd6 Ke6 44. Ne4 $11 Rxb5 45. Rg7 Kf5 46. Nd6+ Kf6 47. Nxb5 Kxg7 48. Nc3 Bc6 49. Kf2 Kf6 50. Kg1 g5 51. Kh2 Ke5 52. Nd1 Kd4 53. Nf2 Ke3 54. Nh3 g4 55. Ng5 Kf2 56. Ne4+ Kf3 57. Ng5+ Ke3 58. Nf7 h4 59. Ne5 hxg3+ 60. Kxg3 1/2-1/2

[Event "WALTON 40th BAN-ch U20 Girls 2022"]
[Site "Dhaka"]
[Date "2022.02.20"]
[Round "6.4"]
[White "Omnia Binta Yusuf, Lubaba"]
[Black "Nusrat Jahan, Alo"]
[Result "1/2-1/2"]
[ECO "B22"]
[WhiteElo "1578"]
[BlackElo "1818"]
[Annotator "NA RC"]
[PlyCount "119"]
[EventDate "2022.02.15"]
[EventType "swiss"]
[EventCountry "BAN"]
[SourceTitle "playchess.com"]
[Source "ChessBase"]
[SourceQuality "1"]
[TimeControl "5400+30"]

1. e4 c5 2. c3 d5 3. exd5 Qxd5 4. Nf3 Nf6 5. Na3 Bd7 6. Bc4 Qe4+ 7. Qe2 (7. Be2 $14) 7... Qxe2+ 8. Bxe2 a6 9. Nc2 Nc6 10. d4 e6 11. dxc5 Bxc5 12. Be3 Be7 13. O-O O-O 14. Ncd4 Nd5 15. Nxc6 Bxc6 16. Bd2 Rfd8 17. Rad1 Bf6 18. Bg5 Bxg5 19. Nxg5 h6 20. Nh3 Ba4 21. Rd4 Bc2 22. Bf3 Nc7 (22... Nf6 $11) 23. Rb4 ({Better is} 23. Rc1 $14 Bg6 24. Bxb7) 23... Rab8 24. Nf4 (24. Rc1 $11 Bh7 25. a4 (25. Rxb7 Rxb7 26. Bxb7 Rb8 $17) (25. Bxb7 $2 a5 $19)) 24... b5 (24... e5 $5 25. Nh5 a5 $15) 25. Rc1 Bf5 26. Ne2 {[%emt 0:06:34] [#]} Rd6 (26... e5 $1 $17) 27. Rd4 Rbd8 28. Rcd1 Rxd4 29. Rxd4 Rxd4 30. Nxd4 Bb1 31. a4 $11 Bd3 (31... bxa4 $11 32. Bd1 e5) 32. axb5 Nxb5 33. Be2 Bxe2 34. Nxe2 Kf8 35. Nc1 Ke7 36. Kf1 Kd6 37. Ke2 Kd5 38. Kd3 Nd6 39. f3 e5 40. Na2 a5 41. b3 e4+ 42. fxe4+ Nxe4 43. c4+ Ke5 44. Nc3 Nc5+ 45. Kc2 Kd4 46. Nd1 a4 47. bxa4 Kxc4 48. Nb2+ Kb4 49. g4 Ne4 50. h4 Nf6 51. g5 hxg5 52. hxg5 Ne4 53. g6 fxg6 54. Kd3 Nc5+ 55. Ke3 Nxa4 56. Nxa4 Kxa4 57. Kf4 Kb5 58. Kg5 Kc5 59. Kxg6 Kd5 60. Kxg7 1/2-1/2

[Event "WALTON 40th BAN-ch U20 Girls 2022"]
[Site "Dhaka"]
[Date "2022.02.20"]
[Round "6.5"]
[White "Marzuka, Mukarrama"]
[Black "Tasnia Tarannum, Orpa"]
[Result "0-1"]
[ECO "A46"]
[WhiteElo "1095"]
[BlackElo "1678"]
[Annotator "NA RC"]
[PlyCount "112"]
[EventDate "2022.02.15"]
[EventType "swiss"]
[EventCountry "BAN"]
[SourceTitle "playchess.com"]
[Source "ChessBase"]
[SourceQuality "1"]
[TimeControl "5400+30"]

1. d4 Nf6 2. Nf3 e6 3. Bf4 c5 4. e3 Nc6 5. c4 d5 6. Nc3 a6 7. Bd3 dxc4 8. Bxc4 b5 9. Be2 Bd6 10. Bg5 cxd4 11. exd4 O-O 12. O-O Ne7 13. Bxf6 gxf6 14. Re1 Bb7 15. Nd2 Qc7 16. g3 Ng6 17. Bh5 f5 18. Nb3 Rad8 19. Rc1 Qd7 20. Na5 Ba8 21. Bf3 Bxf3 22. Qxf3 Rc8 23. Qb7 Qxb7 24. Nxb7 Be7 25. Ne2 h5 26. h4 f4 27. Kh2 Bf6 28. Rxc8 Rxc8 29. Nc5 Bxd4 30. Nxd4 Rxc5 31. Kg2 e5 32. Nf3 fxg3 33. Kxg3 f6 34. Rd1 Rc4 35. Kh3 Rf4 36. Rd8+ Kf7 37. Kg3 e4 38. Nh2 Rxh4 39. Ra8 Rf4 40. Rxa6 h4+ 41. Kg2 Ne5 42. Ra3 Nd3 43. Kh3 Rxf2 44. b4 Nxb4 45. Ng4 Rxa2 46. Rxa2 Nxa2 47. Kxh4 b4 48. Ne3 b3 49. Nc4 Ke6 50. Kg4 Kd5 51. Ne3+ Kd4 52. Kf4 Nb4 53. Nd1 b2 54. Nxb2 Nd3+ 55. Nxd3 exd3 56. Kf3 Kc5 0-1

[Event "WALTON 40th BAN-ch U20 Girls 2022"]
[Site "Dhaka"]
[Date "2022.02.21"]
[Round "7.2"]
[White "Tasnia Tarannum, Orpa"]
[Black "Kazi Zarin, Tasnim"]
[Result "1/2-1/2"]
[ECO "E62"]
[WhiteElo "1678"]
[BlackElo "1801"]
[Annotator "NA RC"]
[PlyCount "129"]
[EventDate "2022.02.15"]
[EventType "swiss"]
[EventCountry "BAN"]
[SourceTitle "playchess.com"]
[Source "ChessBase"]
[SourceQuality "1"]
[TimeControl "5400+30"]

1. d4 Nf6 2. Nf3 d6 3. c4 g6 4. Nc3 Bg7 5. g3 O-O 6. Bg2 Nbd7 7. O-O e5 8. dxe5 Nxe5 9. Nxe5 dxe5 10. Qxd8 Rxd8 11. Bg5 h6 (11... Rd7 $11) 12. Bxf6 Bxf6 13. Nd5 Bg7 14. Nxc7 Rb8 15. Rfd1 Bg4 16. f3 Bd7 17. Nd5 e4 18. Rd2 ({Reject} 18. fxe4 Bxb2 19. Rab1 Be5 $11) 18... exf3 19. exf3 Be6 20. f4 b5 (20... Kh8 $14) 21. Rad1 Kf8 22. c5 Rbc8 23. b4 Bxd5 24. Rxd5 Rxd5 25. Rxd5 Bc3 26. a3 a5 27. Rd7 axb4 28. axb4 Bxb4 29. c6 Ba5 30. Rb7 Rc7 31. Rxb5 Bc3 32. Rb3 Ba5 33. Rd3 Ke7 34. Kf1 Bb4 35. Ke2 Bd6 36. Rc3 Bb4 37. Rc2 Bd6 38. Kd3 h5 (38... Ra7 $142) 39. h4 Ra7 40. Rc3 ({White should play} 40. Bd5) 40... f6 41. Ke2 Ra2+ {[%emt 0:01:24] [#]} 42. Kf3 (42. Kf1 $1 $16 Bc7 43. Bf3) 42... Ra3 43. Rxa3 Bxa3 44. g4 hxg4+ 45. Kxg4 Bd6 46. f5 gxf5+ 47. Kxf5 Kf7 48. Bd5+ Kg7 49. h5 Be5 50. Ke6 Kh6 51. Bf3 Kg7 52. Kd7 Bg3 53. c7 Bxc7 54. Kxc7 f5 55. Kd7 f4 $11 56. Ke7 Kg8 57. Kf6 Kh7 58. Kg5 Kg7 59. Be4 f3 60. Bxf3 Kh7 61. Be4+ Kg7 62. Bd3 Kh8 63. Kf6 Kg8 64. Kg6 Kh8 65. Kf7 1/2-1/2

[Event "WALTON 40th BAN-ch U20 Girls 2022"]
[Site "Dhaka"]
[Date "2022.02.21"]
[Round "7.3"]
[White "Shoptorshi, Rahman"]
[Black "Jannatul, Ferdous"]
[Result "0-1"]
[ECO "B32"]
[WhiteElo "1275"]
[BlackElo "1852"]
[Annotator "NA RC"]
[PlyCount "122"]
[EventDate "2022.02.15"]
[EventType "swiss"]
[EventCountry "BAN"]
[SourceTitle "playchess.com"]
[Source "ChessBase"]
[SourceQuality "1"]
[TimeControl "5400+30"]

1. e4 c5 2. Nf3 Nc6 3. d4 cxd4 4. Nxd4 e5 5. Nxc6 bxc6 6. Bd3 h6 7. O-O Nf6 8. h3 Bc5 9. Be3 (9. Qf3 $11) 9... Bxe3 10. fxe3 Qb6 11. Qf3 Qxb2 12. Nd2 Qb4 {[%emt 0:00:14] [#]} (12... d6 $15 {keeps the upper hand.}) 13. Nc4 ({White must play} 13. Qg3 $1 $16 O-O (13... Qxd2 14. Rad1) 14. Rxf6 Qxd2 15. Rxh6) 13... Qe7 (13... d6 $15 14. Qg3 Nh5) 14. Qg3 O-O 15. Nxe5 Nh5 16. Qh2 Bb7 {[%emt 0:03:36] [#]} (16... Qc5 $11) 17. Nc4 (17. Rab1 $1 $16 d6 18. Nc4) 17... d5 {[%emt 0:02:19] [#]} 18. Nd6 $1 dxe4 {[%emt 0:02:09] [#]} (18... g6 $16 {is a better defense.}) 19. Bxe4 $2 (19. Be2 $1 $18 ) 19... Ba6 20. Rf3 Rad8 21. Bxc6 Rxd6 22. Ba4 Be2 23. Rf2 {[%emt 0:00:00] [#]} Rd1+ (23... Rfd8 $142 $1 24. Qxd6 Qxd6 25. Rxe2 Qa6) 24. Rxd1 Bxd1 25. g4 Nf6 26. Rf1 Qxe3+ 27. Qf2 Qxh3 28. Qg2 Qxg4 29. Qxg4 Bxg4 30. Re1 Be6 31. a3 Rc8 32. Rc1 Rc3 33. Ra1 Ne4 34. Bb3 Bxb3 35. cxb3 Rxb3 36. Kg2 f5 37. Rf1 Rg3+ 38. Kh2 Rxa3 39. Rxf5 a5 (39... Ra1 $142 40. Kg2 a5 41. Kh2 Nf6 42. Kg2 a4 43. Kg3 a3 44. Kh2 a2 45. Ra5 Ne4 46. Ra8+ Kh7 47. Kg2 Nc3 48. Ra7 Rb1 49. Kf3 a1=Q 50. Rxa1 Rxa1 51. Kf2 Rd1 52. Kg3 Rd3+ 53. Kg2 Kg6 54. Kf2 Kf5 55. Kg1 Kg4 56. Kf2 Kh3 57. Kf1 Kg3 58. Kg1 Rd1#) 40. Re5 Ng5 41. Rb5 a4 42. Rb4 Ra1 43. Kg2 a3 44. Ra4 a2 45. Ra8+ Kh7 46. Ra4 {[%emt 0:00:31] [#]} Ne4 $1 47. Rxe4 Rb1 48. Ra4 a1=Q 49. Rxa1 Rxa1 50. Kf3 Rg1 51. Kf2 Rg6 52. Kf3 h5 53. Kf4 h4 54. Kf5 h3 55. Kf4 h2 56. Kf5 h1=Q 57. Kf4 Qh5 58. Ke4 Rg4+ 59. Kf3 Qh3+ 60. Kf2 Rg2+ 61. Kf1 Qh1# 0-1

[Event "WALTON 40th BAN-ch U20 Girls 2022"]
[Site "Dhaka"]
[Date "2022.02.21"]
[Round "7.4"]
[White "Nusrat Jahan, Alo"]
[Black "Tasfia, Tahsin Prima"]
[Result "0-1"]
[ECO "E24"]
[WhiteElo "1818"]
[BlackElo "1423"]
[Annotator "NA RC"]
[PlyCount "98"]
[EventDate "2022.02.15"]
[EventType "swiss"]
[EventCountry "BAN"]
[SourceTitle "playchess.com"]
[Source "ChessBase"]
[SourceQuality "1"]
[TimeControl "5400+30"]

1. d4 Nf6 2. c4 e6 3. Nc3 Bb4 4. a3 Bxc3+ 5. bxc3 c5 6. d5 (6. Qc2 $11 {deserves consideration.}) 6... d6 7. Bg5 O-O 8. Nf3 exd5 9. cxd5 Nbd7 10. c4 b5 $1 11. e3 h6 ({Better is} 11... Ba6 $17 12. cxb5 {[#]} Bxb5 $1 13. Bxb5 Qa5+ 14. Nd2 Qxb5) 12. Bxf6 Nxf6 13. cxb5 a6 14. bxa6 Qa5+ 15. Qd2 Qc7 16. Bc4 Bxa6 17. Bxa6 Rxa6 18. O-O Rfa8 19. Qd3 c4 20. Qd4 Rxa3 21. Rac1 (21. Rxa3 $15 Rxa3 22. Rc1) 21... c3 22. Qd3 (22. Rfd1 $142) 22... Qc5 23. e4 (23. Ne1 $17) 23... R8a4 24. Rfe1 (24. e5 $142 dxe5 25. Nxe5) 24... Ra2 25. Rc2 $2 (25. Qe3 Qxe3 26. Rxe3) 25... Rxc2 26. Qxc2 Rb4 27. Rf1 Rb2 28. Qd3 c2 29. Rc1 Ng4 30. Nd4 Rb1 31. Rxb1 cxb1=Q+ 32. Qxb1 Qxd4 33. Qe1 Nf6 34. h3 Nxe4 35. Kh2 Qxd5 36. f3 Nf6 37. Qc1 Qc5 38. Qb1 Qe5+ 39. Kh1 d5 40. Qc2 d4 41. Qc8+ Kh7 42. Qc2+ g6 43. Qc4 Qd5 44. Qa6 {[%emt 0:00:09] [#]} Kg7 (44... d3 $142 $1 45. Qxf6 d2 46. Kh2 d1=Q 47. Qf4 Kg7 48. Qe3 Qd6+ 49. f4 Q1d4 50. Qxd4+ Qxd4 51. Kh1 Qf2 52. h4 Kf6 53. h5 gxh5 54. Kh2 h4 55. f5 Kxf5 56. Kh1 Kf4 57. Kh2 Qf1 58. Kh3 Qh1#) 45. Qd3 Nh5 (45... Qc5 $142 46. g4 Qc3 47. Qf1 d3 48. Kg1 Qc2 49. h4 d2 50. g5 Nh5 51. gxh6+ Kh7 52. f4 {[#]} Nxf4 $1 53. Qxf4 d1=Q+ 54. Qf1 Qg4+ 55. Kh1 Qxh4+ 56. Qh3 Qxh3+ 57. Kg1 Qch2#) 46. Qd2 d3 47. Qc3+ Kh7 48. Qd2 Ng3+ 49. Kg1 Qc4 0-1

[Event "WALTON 40th BAN-ch U20 Girls 2022"]
[Site "Dhaka"]
[Date "2022.02.21"]
[Round "7.5"]
[White "Israt, Jahan Diba"]
[Black "Omnia Binta Yusuf, Lubaba"]
[Result "1-0"]
[ECO "B15"]
[WhiteElo "1697"]
[BlackElo "1578"]
[Annotator "NA RC"]
[PlyCount "73"]
[EventDate "2022.02.15"]
[EventType "swiss"]
[EventCountry "BAN"]
[SourceTitle "playchess.com"]
[Source "ChessBase"]
[SourceQuality "1"]
[TimeControl "5400+30"]

1. e4 c6 2. d4 d5 3. Nc3 dxe4 4. Nxe4 Nf6 5. Nxf6+ exf6 6. Nf3 Bd6 7. Bd3 O-O 8. O-O Re8 9. Be3 Bg4 10. h3 Bh5 11. c4 Nd7 12. Kh1 c5 13. g4 Bg6 14. Bxg6 fxg6 15. dxc5 Bxc5 16. Qd5+ Kh8 17. Bxc5 Nxc5 18. Qxc5 Qd3 19. Qd5 Qc2 20. Qxb7 f5 21. Qb3 Qe4 22. Rae1 Qf4 23. Rxe8+ Rxe8 24. Re1 Rxe1+ 25. Nxe1 h5 26. gxh5 Qxf2 27. Qb8+ Kh7 28. hxg6+ Kxg6 29. Ng2 Kg5 30. Kh2 Kh5 31. Qe8+ g6 32. Qh8+ Kg5 33. h4+ Kg4 34. Qc3 f4 35. Qh3+ Kh5 36. Qd7 f3 37. Qh7+ 1-0

[Event "WALTON 40th BAN-ch U20 Girls 2022"]
[Site "Dhaka"]
[Date "2022.02.22"]
[Round "8.2"]
[White "Kazi Zarin, Tasnim"]
[Black "Jannatul, Ferdous"]
[Result "1-0"]
[ECO "B00"]
[WhiteElo "1801"]
[BlackElo "1852"]
[Annotator "NA RC"]
[PlyCount "55"]
[EventDate "2022.02.15"]
[EventType "swiss"]
[EventCountry "BAN"]
[SourceTitle "playchess.com"]
[Source "ChessBase"]
[SourceQuality "1"]
[TimeControl "5400+30"]

1. e4 a6 2. d4 b5 3. a4 Bb7 4. Bd3 e6 5. Qe2 b4 6. c3 c5 7. Nf3 a5 8. O-O Na6 9. d5 Qb6 10. Bf4 Nf6 (10... c4 {was necessary.}) 11. Nbd2 d6 12. Bb5+ Nd7 13. Nc4 Qc7 14. dxe6 fxe6 15. Rfd1 Bc6 16. Bxd6 Bxd6 17. Nxd6+ Ke7 18. Bxa6 Rhd8 19. Bb5 Nf6 20. Bxc6 Qxc6 21. Ne5 Qc7 22. Nef7 Rd7 23. e5 Nd5 24. c4 Nb6 25. b3 Qc6 26. Qg4 g6 27. Qg5+ Kf8 28. Qf6 1-0

[Event "WALTON 40th BAN-ch U20 Girls 2022"]
[Site "Dhaka"]
[Date "2022.02.22"]
[Round "8.3"]
[White "Tasfia, Tahsin Prima"]
[Black "Israt, Jahan Diba"]
[Result "1-0"]
[ECO "B52"]
[WhiteElo "1423"]
[BlackElo "1697"]
[Annotator "NA RC"]
[PlyCount "130"]
[EventDate "2022.02.15"]
[EventType "swiss"]
[EventCountry "BAN"]
[SourceTitle "playchess.com"]
[Source "ChessBase"]
[SourceQuality "1"]
[TimeControl "5400+30"]

1. e4 c5 2. Nf3 d6 3. Bb5+ Bd7 4. Bxd7+ Qxd7 5. c4 Nc6 6. O-O Nf6 7. Nc3 g6 8. d3 Bg7 9. h3 O-O 10. Be3 a6 11. Rc1 Rac8 12. b3 e6 13. d4 cxd4 14. Nxd4 Nxd4 15. Bxd4 Qc6 16. Qd3 Rfd8 17. Qe3 Rd7 18. Nd5 e5 19. Bb6 Re8 20. Rfd1 Kh8 21. f3 Ng8 22. Qf2 Ne7 23. Rc2 f5 24. exf5 Nxf5 25. Re2 Rf8 26. Nb4 Qc8 27. Nd5 Qe8 28. Rde1 Qf7 29. Re4 Ne7 30. Nxe7 Rxe7 31. Rd1 Re6 32. Be3 Qc7 33. Rd5 Qc6 34. Qd2 Rc8 35. a4 Bf6 36. Qd1 Rb8 37. a5 Be7 38. Qd3 Rf8 39. b4 Qa4 40. c5 dxc5 41. Bxc5 Bxc5+ 42. Rxc5 Rf7 43. Qc3 Qd1+ 44. Kh2 Qd6 45. b5 axb5 46. Rxb5 Rc7 47. Qb2 Ree7 48. f4 Rc5 49. Rxc5 Qxc5 50. Rxe5 Rxe5 51. Qxe5+ Qxe5 52. fxe5 Kg7 53. Kg3 Kf7 54. Kf4 h6 55. Ke4 Ke6 56. g3 Ke7 57. Kd5 Kd7 58. e6+ Ke8 59. Kd6 Kd8 60. e7+ Ke8 61. Kc7 Kxe7 62. Kxb7 Kd6 63. a6 Ke5 64. a7 Ke4 65. a8=Q Kd5 1-0

[Event "WALTON 40th BAN-ch U20 Girls 2022"]
[Site "Dhaka"]
[Date "2022.02.22"]
[Round "8.4"]
[White "Nusrat Jahan, Alo"]
[Black "Tasnia Tarannum, Orpa"]
[Result "0-1"]
[ECO "B15"]
[WhiteElo "1818"]
[BlackElo "1678"]
[Annotator "NA RC"]
[PlyCount "146"]
[EventDate "2022.02.15"]
[EventType "swiss"]
[EventCountry "BAN"]
[SourceTitle "playchess.com"]
[Source "ChessBase"]
[SourceQuality "1"]
[TimeControl "5400+30"]

1. e4 c6 2. d4 d5 3. Nc3 dxe4 4. Nxe4 Nf6 5. Nxf6+ exf6 6. Be3 Bd6 7. Nf3 O-O 8. Be2 Nd7 9. O-O Re8 10. Re1 Nf8 11. c3 Qc7 12. Qc2 Bg4 13. h3 Be6 14. Rad1 Rac8 15. b3 Qd7 16. Bf1 Bf5 17. Qb2 Bb8 18. c4 Be5 19. Nd2 Qc7 20. g3 Be4 21. Bg2 Qd7 22. Kh2 h5 23. Nf3 Bb8 24. Ne5 fxe5 25. Bxe4 Qe7 26. dxe5 h4 27. Bd4 Ne6 28. Bc3 $1 hxg3+ 29. fxg3 Rcd8 30. Bg2 (30. Qe2 $16) 30... Rd7 (30... Bc7 $14) 31. Rxd7 Qxd7 32. Qc1 Rd8 33. Bf3 Qe7 34. h4 Qc5 35. Kg2 a6 {[%emt 0:00:00] [#]} (35... Bc7 $14) 36. Qe3 (36. Bh5 $1 $16) 36... Qe7 (36... Qxe3 $142 37. Rxe3 Ba7) 37. Ba5 Re8 38. Bc3 Rd8 $1 39. Ba5 ({Better is} 39. Be4 $16) 39... Re8 $1 40. Bg4 Nf8 41. Bc3 Bc7 42. c5 Bb8 43. b4 Bc7 44. Qd4 Rd8 45. Qe4 Re8 (45... a5 $16) 46. a4 Bb8 (46... a5 $16 {keeps fighting.} 47. bxa5 Qxc5) 47. Qc4 (47. e6 $142 fxe6 48. Bh5) 47... Qc7 48. b5 $2 (48. Bf5 $18) 48... cxb5 49. axb5 b6 $2 (49... axb5 $16 50. Qxb5 Qc6+ 51. Qxc6 bxc6) 50. c6 (50. bxa6 $142 Ne6 51. c6) 50... axb5 51. Qxb5 Ne6 52. Rd1 Nd8 $2 (52... Rd8 53. Rxd8+ Qxd8) 53. Bd7 Re7 $18 54. Qd5 Ne6 55. Qb5 Nc5 56. Bb2 Rxe5 57. Bxe5 Qxe5 58. Kf1 Qxg3 59. Qe2 Qf4+ 60. Qf2 Qc4+ 61. Qe2 Qf4+ 62. Kg1 Qg3+ 63. Qg2 Qe3+ 64. Kh1 Ne4 65. Qg4 Nf2+ 66. Kg2 Nxg4 67. Bxg4 Qg3+ 68. Kf1 Qxg4 69. Rd7 Qxd7 70. cxd7 Bc7 71. Ke2 Kf8 72. Kd3 Ke7 73. Kd4 Kxd7 0-1

[Event "WALTON 40th BAN-ch U20 Girls 2022"]
[Site "Dhaka"]
[Date "2022.02.22"]
[Round "8.5"]
[White "Wadifa, Ahmed"]
[Black "Shimon, Ahmed"]
[Result "1-0"]
[ECO "B44"]
[WhiteElo "1786"]
[BlackElo "1203"]
[Annotator "NA"]
[PlyCount "53"]
[EventDate "2022.02.15"]
[EventType "swiss"]
[EventCountry "BAN"]
[SourceTitle "playchess.com"]
[Source "ChessBase"]
[SourceQuality "1"]
[TimeControl "5400+30"]

1. e4 c5 2. Nf3 Nc6 3. d4 cxd4 4. Nxd4 e6 5. Be3 Nf6 6. Bd3 e5 7. Nb3 d5 8. exd5 Nxd5 9. O-O Nxe3 10. fxe3 Be6 11. Nc3 Qb6 12. Qf3 Nb4 13. Bb5+ Nc6 14. Nd5 Qd8 15. Rad1 Bd6 16. Bxc6+ bxc6 17. Nc3 Rc8 18. Ne4 Bd5 19. Rxd5 O-O 20. Rxd6 Qe7 21. Rfd1 Rcd8 22. Rxc6 Rc8 23. Rxc8 Rxc8 24. Nd6 Rxc2 25. Nxf7 Qf6 26. Nh6+ Kh8 27. Qa8+ 1-0

[Event "WALTON 40th BAN-ch U20 Girls 2022"]
[Site "Dhaka"]
[Date "2022.02.23"]
[Round "9.2"]
[White "Tasfia, Tahsin Prima"]
[Black "Kazi Zarin, Tasnim"]
[Result "1-0"]
[ECO "C64"]
[WhiteElo "1423"]
[BlackElo "1801"]
[Annotator "NA RC"]
[PlyCount "84"]
[EventDate "2022.02.15"]
[EventType "swiss"]
[EventCountry "BAN"]
[SourceTitle "playchess.com"]
[Source "ChessBase"]
[SourceQuality "1"]
[TimeControl "5400+30"]

1. e4 e5 2. Nf3 Nc6 3. Bb5 a6 4. Ba4 Bc5 5. O-O Nge7 {[%emt 0:03:00] [#]} 6. c3 (6. Nxe5 $1 $16 Nxe5 7. d4) 6... b5 7. Bc2 d6 8. d4 Bb6 9. a4 Bb7 (9... bxa4 $14 {is superior.} 10. d5 (10. Rxa4 exd4 11. cxd4 a5 $11) (10. Bxa4 O-O $14) 10... Nb8) 10. d5 Nb8 11. axb5 axb5 12. Rxa8 Bxa8 13. Na3 c6 14. dxc6 Bxc6 15. Qd3 Qd7 16. Rd1 Bc7 (16... O-O $16 {was worth a try.}) 17. Qe2 Ng6 18. Bd3 Na6 (18... b4 $142) 19. Bxb5 Nc5 20. Qc4 Bxb5 21. Nxb5 Bb8 22. Ng5 h6 {[%emt 0:04:09] [#]} 23. Be3 $1 Nb7 $2 {[%emt 0:08:10] [#]} (23... O-O 24. Nxd6 (24. Bxc5 Qg4 $16) 24... hxg5) 24. Nxf7 $1 Rf8 {[%emt 0:02:37] [#]} 25. Ba7 $1 Rxf7 (25... Bxa7 $2 26. Nfxd6+ Nxd6 27. Nxd6+ Kd8 28. Nb7+ Ke8 29. Nd6+ Kd8 30. Nb7+ Ke8 31. Rxd7 $18) 26. Bxb8 Rf6 27. Qg8+ Nf8 28. Qd5 Ke7 29. Bc7 Ne6 30. Qxb7 Nc5 31. Qd5 Nxe4 32. f3 Rg6 33. Qxe4 (33. fxe4 $142 Qe6 34. Qa8 Rxg2+ 35. Kxg2 Qg4+ 36. Kf2 Qh4+ 37. Ke2 Qg4+ 38. Kd2) 33... Rg5 34. Bxd6+ Kf7 35. Qd5+ Kg6 36. h4 Rh5 37. Qe4+ (37. Nc7 $142 Qa4 38. Ne6 Rf5 39. g4 Rf6 40. Bxe5 Qxd1+ 41. Qxd1 Rxe6 42. Qd3+ Kf7 43. Qf5+ Ke7 44. Bxg7 Re1+ 45. Kf2) 37... Kf7 38. Qc4+ Kg6 39. Qe4+ Kf7 40. Rd5 Qb7 41. Bxe5 Qa6 42. Nd6+ Kg8 1-0

[Event "WALTON 40th BAN-ch U20 Girls 2022"]
[Site "Dhaka"]
[Date "2022.02.23"]
[Round "9.3"]
[White "Jannatul, Ferdous"]
[Black "Alizah, Nusaiba Islam"]
[Result "1-0"]
[ECO "D02"]
[WhiteElo "1852"]
[BlackElo "1150"]
[Annotator "NA RC"]
[PlyCount "55"]
[EventDate "2022.02.15"]
[EventType "swiss"]
[EventCountry "BAN"]
[SourceTitle "playchess.com"]
[Source "ChessBase"]
[SourceQuality "1"]
[TimeControl "5400+30"]

1. Nf3 Nc6 2. d4 d5 3. Bf4 e6 4. e3 Nf6 5. c3 Bd6 6. Bg3 O-O 7. Bd3 Ne4 8. Nbd2 f5 9. Ne5 Qf6 10. f4 g5 ({Better is} 10... Qd8 $11) 11. Qe2 g4 $2 (11... Qg7 $11) 12. Bb5 (12. Bxe4 $18 fxe4 13. h3 (13. Nxg4 Qg6 $16) (13. Qxg4+ Qg7 $16)) 12... a6 (12... Nxg3 $16 13. hxg3 Ne7) 13. Bxc6 ({White should play} 13. Nxe4 $18 fxe4 14. Qxg4+ (14. Bxc6 bxc6 15. Qxg4+ Qg7 $16) 14... Qg7 15. Qxg7+ (15. Bxc6 Bxe5 16. Qxg7+ Bxg7 $16) 15... Kxg7 16. Bxc6 (16. Nxc6 axb5 17. Ne5 b4 $14) 16... bxc6 17. Nxc6) 13... bxc6 (13... Nxg3 $16 14. hxg3 bxc6) 14. Nxc6 Bd7 (14... Nxd2 $142 15. Qxd2 (15. Kxd2 Qg6 $16) 15... h5) 15. Ne5 Rfd8 (15... Bxe5 $16 16. Nxe4 (16. fxe5 Qg6 $16) (16. dxe5 Qh6 $16) 16... Qg6) 16. Nxe4 dxe4 17. Qf2 Be7 $2 (17... Qg7 18. Bh4 Rdc8) 18. h3 Qh6 19. O-O-O Qg7 20. hxg4 fxg4 21. Qe2 Kh8 22. Bh4 g3 23. Bxe7 Qxe7 24. Ng6+ Kg7 25. Nxe7 Kf7 26. Rxh7+ Kf6 27. Qh5 Rg8 28. Qf7# 1-0

[Event "WALTON 40th BAN-ch U20 Girls 2022"]
[Site "Dhaka"]
[Date "2022.02.23"]
[Round "9.4"]
[White "Israt, Jahan Diba"]
[Black "Wadifa, Ahmed"]
[Result "1/2-1/2"]
[ECO "B00"]
[WhiteElo "1697"]
[BlackElo "1786"]
[Annotator "NA RC"]
[PlyCount "71"]
[EventDate "2022.02.15"]
[EventType "swiss"]
[EventCountry "BAN"]
[SourceTitle "playchess.com"]
[Source "ChessBase"]
[SourceQuality "1"]
[TimeControl "5400+30"]

1. e4 b6 2. d4 Bb7 3. Nf3 Bxe4 4. Nc3 Bb7 5. Bf4 Nf6 6. Bc4 e6 7. d5 Bb4 8. dxe6 fxe6 9. O-O O-O 10. Ng5 Nc6 11. Nb5 h6 12. Nxe6 dxe6 13. Nxc7 Kh8 14. Qxd8 Rfxd8 15. Nxa8 Bxa8 16. c3 e5 17. Be3 Be7 18. Rad1 Rf8 19. Be6 e4 20. Bf4 Nh5 21. Be3 Ne5 22. Bd5 Nd3 23. Bxa8 Rxa8 24. f3 Nxb2 25. Rd7 Bf8 26. fxe4 Nf6 27. Rf7 Kg8 28. Rc7 Bd6 29. Rb7 Nc4 30. Bxh6 Bc5+ 31. Kh1 gxh6 32. Rxf6 Rd8 33. Rg6+ Kf8 34. Rf6+ Kg8 35. Rg6+ Kf8 36. Rf6+ 1/2-1/2